General information
- name: BNet
- type: Ladder 1vs1/FFA
- host: Battle.net
- saver: duessues
map: EchoIsles
- players: 2
- length: 22:36
- speed: Fast
- version: 1.21 W3XP
- replay type: Public
» download(68 KB)
Players
team 1 (loser)
easyas123 (
orange | 36 APM | 798 actions | 22:25)
4 Demon Hunter
2 Evasion
2 Mana Burn
3 Warden
2 Fan of Knives
1 Blink
» actions
| Assign group hotkey | 29 | |
| Basic commands | 127 | |
| Build / train | 84 | |
| Enter build submenu | 13 | |
| Enter hero's abilities submenu | 7 | |
| Give item / drop item | 4 | |
| Right click | 65 | |
| Select / deselect | 254 | |
| Select group hotkey | 142 | |
| Use ability | 73 | |
798 total
» units
| Wisp | 16 | |
| Huntress | 2 | |
| Druid of the Talon | 2 | |
| Faerie Dragon | 2 | |
| Hippogryph | 17 | |
| Druid of the Claw | 6 | |
| Mountain Giant | 1 | |
| Forest Troll Shadow Priest | 1 | |
| Dryad | 4 | |
51 total
» upgrades
| Ultravision | 1 | |
| Druid of the Claw Training | 2 | |
| Abolish Magic | 1 | |
| Druid of the Talon Training | 1 | |
| Well Spring | 1 | |
| Mark of the Claw | 1 | |
| Reinforced Hides | 1 | |
| Strength of the Wild | 1 | |
| Resistant Skin | 1 | |
| Nature's Blessing | 1 | |
11 total
» buildings
| Altar of Elders | 1 | |
| Moon Well | 5 | |
| Hunter's Hall | 1 | |
| Ancient of War | 1 | |
| Tree of Ages | 1 | |
| Ancient of Wonders | 1 | |
| Ancient of Wind | 1 | |
| Ancient of Lore | 2 | |
| Tree of Eternity | 1 | |
| Tree of Life | 1 | |
15 total
» build order
00:09 Altar of Elders
00:21 Moon Well
01:41 Hunter's Hall
01:49 Ancient of War
01:56 Moon Well
03:02 Moon Well
03:33 Tree of Ages
04:56 Ancient of Wonders
05:11 Moon Well
05:27 Moon Well
06:13 Ancient of Wind
06:18 Ancient of Lore
06:51 Tree of Eternity
08:08 Ancient of Lore
16:44 Tree of Life
» items
| Moonstone | 2 | |
| Potion of Healing | 3 | |
| Orb of Venom | 2 | |
| Scroll of Town Portal | 1 | |
| Anti-magic Potion | 1 | |
| Potion of Lesser Invulnerability | 1 | |
| Potion of Invisibility | 1 | |
11 total
team 2 (winner)
duessues (
teal | 117 APM | 2641 actions | 22:36)
6 Death Knight
3 Death Coil
2 Unholy Aura
1 Animate Dead
3 Lich
1 Frost Nova
2 Frost Armor
» actions
| Assign group hotkey | 28 | |
| Basic commands | 47 | |
| Build / train | 67 | |
| ESC pressed | 7 | |
| Enter build submenu | 21 | |
| Enter hero's abilities submenu | 9 | |
| Give item / drop item | 2 | |
| Right click | 1191 | |
| Select / deselect | 216 | |
| Select group hotkey | 1000 | |
| Use ability | 53 | |
2641 total
» units
| Acolyte | 12 | |
| Ghoul | 3 | |
| Crypt Fiend | 7 | |
| Gargoyle | 10 | |
| Frost Wyrm | 5 | |
37 total
» upgrades
| Creature Attack | 3 | |
| Creature Carapace | 3 | |
| Web | 1 | |
| Freezing Breath | 1 | |
8 total
» buildings
| Crypt | 1 | |
| Altar of Darkness | 1 | |
| Ziggurat | 12 | |
| Graveyard | 1 | |
| Tomb of Relics | 1 | |
| Halls of the Dead | 1 | |
| Spirit Tower | 4 | |
| Black Citadel | 1 | |
| Sacrificial Pit | 1 | |
| Boneyard | 2 | |
| Nerubian Tower | 2 | |
27 total
» build order
00:28 Crypt
00:31 Altar of Darkness
00:33 Ziggurat
00:59 Graveyard
01:12 Tomb of Relics
01:40 Ziggurat
04:44 Ziggurat
05:04 Halls of the Dead
05:47 Ziggurat
07:10 Spirit Tower
07:13 Ziggurat
08:12 Spirit Tower
08:57 Ziggurat
09:12 Black Citadel
09:20 Sacrificial Pit
10:50 Spirit Tower
11:11 Ziggurat
12:39 Boneyard
13:36 Ziggurat
13:48 Ziggurat
13:49 Ziggurat
13:58 Boneyard
16:02 Ziggurat
16:49 Ziggurat
16:52 Nerubian Tower
16:53 Nerubian Tower
16:55 Spirit Tower
» items
| Rod of Necromancy | 1 | |
| Sacrificial Skull | 1 | |
2 total
Chat log
(00:12 / All) duessues: hello
(22:20 / All) easyas123: nic wehacks'
(22:22 / All) easyas123: hacks
(22:32 / All) duessues: lol ~_~